 Dungeon Crawl Stone Soup version 0.30.1 (webtiles) character file.

Game seed: 8710489933318005643

420 Sabo the Chopper (level 6, -1/48 HPs)
             Began as a Demonspawn Monk on July 9, 2023.
             Slain by Duvessa
             ... wielding a +0 short sword
              (5 damage)
             ... on level 4 of the Dungeon.
             The game lasted 00:13:08 (2654 turns).

Sabo the Chopper (Demonspawn Monk)                  Turns: 2654, Time: 00:13:08

Health: -1/48      AC:  7    Str: 14    XL:     6   Next: 62%
Magic:  6/6        EV: 12    Int: 11    God:
Gold:   147        SH:  0    Dex: 15    Spells: 5/5 levels left

rFire   . . .        t - +8 falchion of Ishra Venn {flame, rPois SInv}
rCold   . . .        d - orb {light}
rNeg    . . .        m - +0 scale mail
rPois   +            (no helmet)
rElec   .            f - +0 cloak
rCorr   .            (no gloves)
SInv    +            (no boots)
Will    .....        (no amulet)
Stlth   +            (no ring)
HPRegen 0.28/turn    (no ring)
MPRegen 0.10/turn

%: no passive effects
@: glowing
A: foul stench 2, sturdy frame 2, demonic touch 1
a: no special abilities


You were on level 4 of the Dungeon.
You visited 1 branch of the dungeon, and saw 4 of its levels.

You collected 147 gold pieces.

Inventory:

Hand Weapons
 c - a +0 war axe
 n - the +6 dagger of Suaph {flame, rPois rCorr Int-4 Dex+7}
   (You found it on level 2 of the Dungeon)

   Int:       It affects your intelligence (-4).
   Dex:       It affects your dexterity (+7).
   rPois:     It protects you from poison.
   rCorr:     It protects you from acid and corrosion.
 t - the +8 falchion of Ishra Venn (weapon) {flame, rPois SInv}
   (You found it on level 3 of the Dungeon)

   rPois:     It protects you from poison.
   SInv:      It lets you see invisible.
Missiles
 j - 5 boomerangs (quivered)
 v - 5 silver javelins
Armour
 d - an orb of light (worn)
 f - a +0 cloak (worn)
 m - a +0 scale mail (worn)
Jewellery
 k - an amulet of faith
Wands
 s - a wand of mindburst (21)
Scrolls
 a - a scroll of teleportation
 b - a scroll of torment {unknown}
 l - a scroll of amnesia {unknown}
 o - a scroll of identify {unknown}
Potions
 e - a potion of degeneration {unknown}
 g - 2 potions of attraction {unknown}
 i - a potion of might {unknown}
 p - a potion of brilliance {unknown}
 q - a potion of berserk rage {unknown}
 r - a potion of cancellation {unknown}
 u - a potion of heal wounds {unknown}


   Skills:
 + Level 4.1 Fighting
 + Level 2.6(2.8) Short Blades
 + Level 1.6(2.3) Long Blades
 + Level 4.3 Axes
 + Level 1.5 Armour
 + Level 3.4 Dodging


You had 5 spell levels left.
You didn't know any spells.
Your spell library was empty.

Dungeon Overview and Level Annotations

Branches:
Dungeon (4/15)
 Temple: D:4-7

Altars:
Hepliaklqana

Shops:
D:3 (

Annotations:
D:4 Duvessa


Innate Abilities, Weirdness & Mutations

You sometimes emit foul miasma when damaged in melee.
Your movements are less encumbered by armour. (ER -4)
Your touch may inflict minor irresistible damage on your foes.


Message History

Duvessa hits you but does no damage. The orc hits you with a +0 whip.
You hit Dowan. You burn Dowan.
Dowan is moderately wounded.
The orc closely misses you. Dowan hits you with a +0 dagger.
You emit a cloud of foul miasma!
The orc completely misses you. Duvessa hits you with a +0 short sword!
* * * LOW HITPOINT WARNING * * *
You emit a cloud of foul miasma!
You hit Dowan. You burn Dowan.
Dowan is heavily wounded.
Duvessa is engulfed in dark miasma.
Duvessa is poisoned.
Duvessa hits you with a +0 short sword.
* * * LOW HITPOINT WARNING * * *
The orc hits you with a +0 hand axe.
* * * LOW HITPOINT WARNING * * *
Dowan is engulfed in dark miasma.
Dowan is poisoned.
Dowan seems to slow down.
Dowan misses you. The orc closely misses you.
Duvessa is engulfed in dark miasma.
Duvessa looks even sicker.
Duvessa hits you but does no damage. The orc closely misses you.
The orc hits you with a +0 hand axe.
* * * LOW HITPOINT WARNING * * *
Dowan is engulfed in dark miasma.
Dowan looks even sicker.
You kill Dowan!
Duvessa screams in rage.
Duvessa goes berserk!
The air fills with toxic fumes!
As you read the scroll of poison, it crumbles to dust.
Duvessa is engulfed in dark miasma.
Duvessa looks even sicker.
Duvessa seems to slow down.
Duvessa barely misses you. The orc barely misses you.
The orc hits you but does no damage.
You slash the orc! You burn the orc.
You kill the orc!
Duvessa is no longer moving slowly.
Duvessa is engulfed in dark miasma.
Duvessa looks as sick as possible!
Duvessa seems to slow down.
Duvessa completely misses you. The orc hits you but does no damage.
You slash Duvessa! You burn Duvessa.
Duvessa is severely wounded.
Duvessa is no longer moving slowly.
Duvessa is engulfed in dark miasma.
Duvessa looks as sick as possible!
Duvessa hits you with a +0 short sword.
You die...

# ###############
####.#~~~§§§§§§#§##
.....†~~~§§§§§§§§o##
##...#~~~~~~~~~#@)§#
################°e§§#
.§§§§§§# ..§§§§§§§§§§
...§§§§§§§§§§§#
..§§§§§§§§§§§§.
.§§§§§§§§§§§§§.
§§§§§§§§§§§§§§.


You could see Duvessa (berserk, extremely poisoned) and an orc.

Vanquished Creatures
  The ghost of Mahjong the Ducker, an amateur GnMo of Cheibriados (D:4)
  A bullfrog (D:4)
  A scorpion (D:4)
  Dowan (D:4)
  An orc wizard (D:4)
  A gnoll (D:1)
  3 adders
  2 river rats (D:4)
  A worm (D:2)
  3 dart slugs
  3 orcs
  6 bats
  4 endoplasms
  9 hobgoblins
  3 jackals (D:1)
  A quokka (D:1)
  7 ball pythons
  3 frilled lizards
  5 goblins
  7 kobolds
  6 rats
69 creatures vanquished.

Notes
Turn   | Place    | Note
-------+----------+-------------------------------------------
     0 | D:1      | Sabo the Demonspawn Monk began the quest for the Orb.
     0 | D:1      | Reached XP level 1. HP: 18/18 MP: 1/1
    79 | D:1      | Gained mutation: Your movements are slightly less
                  | encumbered by armour. (ER -2) [demonic ancestry]
    79 | D:1      | Reached XP level 2. HP: 18/24 MP: 2/2
   206 | D:1      | Gained mutation: Your touch may inflict minor irresistible
                  | damage on your foes. [demonic ancestry]
   206 | D:1      | Reached XP level 3. HP: 10/29 MP: 3/3
   354 | D:1      | Found a faded altar of an unknown god.
  1451 | D:2      | Gained mutation: You may rarely emit foul miasma when
                  | damaged in melee. [demonic ancestry]
  1451 | D:2      | Reached XP level 4. HP: 32/35 MP: 4/4
  1556 | D:2      | Found a hazy altar of Hepliaklqana.
  1628 | D:2      | Identified the +6 dagger of Suaph {flame, rPois rCorr Int-4
                  | Dex+7}
  1823 | D:3      | Found Fiys Wux's Antique Weapon Boutique.
  2384 | D:3      | Identified the +8 falchion of Ishra Venn {flame, rPois
                  | SInv}
  2572 | D:4      | Noticed a scorpion
  2580 | D:4      | Killed a scorpion
  2581 | D:4      | Gained mutation: You sometimes emit foul miasma when
                  | damaged in melee. [demonic ancestry]
  2581 | D:4      | Reached XP level 5. HP: 38/42 MP: 5/5
  2602 | D:4      | Found a runed translucent door.
  2608 | D:4      | Noticed Mahjong's ghost (amateur GnMo)
  2613 | D:4      | Reached skill level 1 in Short Blades
  2617 | D:4      | Reached skill level 1 in Armour
  2621 | D:4      | Killed Mahjong's ghost
  2622 | D:4      | Reached skill level 1 in Long Blades
  2622 | D:4      | Gained mutation: Your movements are less encumbered by
                  | armour. (ER -4) [demonic ancestry]
  2622 | D:4      | Reached XP level 6. HP: 42/48 MP: 6/6
  2627 | D:4      | Found a runed translucent door.
  2638 | D:4      | Noticed Dowan
  2639 | D:4      | Noticed Duvessa
  2651 | D:4      | Killed Dowan
  2654 | D:4      | Slain by Duvessa

Illustrated notes

Levels and vault maps discovered:
D:1:      enne_arrival_octagon_isle, layout_rooms,
          shapermc_ecumenical_altar_mp_highgroup
D:2:      layout_loops_ring, basic_altar
D:3:      layout_basic, serial_shops, shop
D:4:      layout_cave_pods, general_overflow_altar, gup_sewer_entry_glass,
          ebering_ghost_sewer_f, minmay_misc_feat_cross, uniq_sigmund,
          uniq_duvessa, uniq_eustachio, uniq_pikel, uniq_natasha

Skill      XL: |  1  2  3  4  5 |
---------------+----------------+-----
Axes           | 3 4 |  4.3
Dodging        | 3 |  3.4
Short Blades   | 2 |  2.6
Armour         | 1 |  1.5
Fighting       | 4 |  4.1
Long Blades    | 1 |  1.6

Action                     |  1- 3 |  4- 6 || total
---------------------------+-------+-------++-------
  Melee: Hand axe          |    40 |       ||    40
         War axe           |    56 |     6 ||    62
         Dagger            |       |    31 ||    31
         Falchion          |       |    32 ||    32
    Use: Potion            |     1 |       ||     1
         Scroll            |       |     3 ||     3
 Armour: Robe              |    51 |       ||    51
         Scale mail        |     4 |    28 ||    32
  Dodge: Dodged            |   119 |    57 ||   176
